 Dungeon Crawl Stone Soup version 0.28-a0-1206-g193881aaa2 (webtiles) character file.

Game seed: 18047736225659068025

1960 mcbry74 the Grappler (level 9, -7/80 HPs)
             Began as a Troll Fighter on Dec 20, 2021.
             Mangled by an ogre (23 damage)
             ... on level 5 of the Dungeon.
             The game lasted 00:17:25 (4073 turns).

mcbry74 the Grappler (Troll Fighter)                Turns: 4073, Time: 00:17:26

Health: -7/80      AC:  8    Str: 28    XL:     9   Next: 0%
Magic:  8/8        EV: 11    Int:  6    God:
Gold:   208        SH:  7    Dex:  9    Spells: 8/8 levels left

rFire   . . .      SeeInvis .     - Unarmed
rCold   . . .      Faith    .   b - +0 kite shield
rNeg    . . .      Spirit   .   F - +0 steam dragon scales
rPois   .          Reflect  .   (helmet restricted)
rElec   .          Harm     .   A - +0 cloak
rCorr   .          Rampage  .   (gloves unavailable)
Will    .....                   (boots unavailable)
Stlth   +.........              u - amulet of the acrobat
HPRegen 1.03/turn               w - +4 ring of evasion
MPRegen 0.11/turn               (no ring)

@: no status effects
A: large, unfitting armour, claws 3, regeneration 1, shaggy fur 1, tough skin 1
a: no special abilities


You were on level 5 of the Dungeon.
You visited 1 branch of the dungeon, and saw 5 of its levels.

You collected 208 gold pieces.

Inventory:

Hand Weapons
 c - a +0 broad axe
 l - a +0 morningstar
 D - a +3 quarterstaff of chaos
 G - a +7 vorpal falchion
Missiles
 d - 10 poisoned darts
 f - 22 sling bullets
 m - 5 curare-tipped darts (quivered)
 n - 3 throwing nets
Armour
 a - a +0 robe
 b - a +0 kite shield (worn)
 A - a +0 cloak (worn)
 F - +0 steam dragon scales (worn)
Jewellery
 u - an amulet of the acrobat (around neck)
 w - a +4 ring of evasion (left claw)
Wands
 p - a wand of digging (7)
 t - a wand of polymorph (13)
Scrolls
 g - 5 scrolls of identify {unknown}
 o - 2 scrolls of amnesia {unknown}
 q - a scroll of fog {unknown}
 r - 3 scrolls of vulnerability {unknown}
 y - a scroll of torment {unknown}
 z - a scroll of acquirement {unknown}
 C - 2 scrolls of immolation
 E - a scroll of holy word {unknown}
Potions
 e - a potion of haste {unknown}
 h - 2 potions of ambrosia {unknown}
 i - 2 potions of mutation {unknown}
 j - 2 potions of invisibility {unknown}
 k - 2 potions of flight {unknown}
 s - 2 potions of curing {unknown}
 v - a potion of resistance {unknown}
 x - a potion of berserk rage {unknown}
 B - a potion of magic {unknown}


   Skills:
 - Level 2.4 Fighting
 - Level 2.4 Dodging
 - Level 2.4 Shields
 + Level 11.8 Unarmed Combat


You had 8 spell levels left.
You didn't know any spells.
Your spell library contained the following spells:

 Spells                   Type           Power      Damage    Failure   Level
 Sting                    Tmut/Pois      0%         1d3       90%         1
 Ensorcelled Hibernation  Hex/Ice        0%         N/A       97%         2
 Poisonous Vapours        Pois/Air       0%         N/A       97%         2
 Call Canine Familiar     Summ           0%         N/A       99%         3
 Portal Projectile        Hex/Tloc       0%         N/A       99%         3
 Tukima's Dance           Hex            0%         N/A       99%         3
 Leda's Liquefaction      Hex/Erth       0%         N/A       100%        4
 Olgreb's Toxic Radiance  Pois           0%         N/A       100%        4


Dungeon Overview and Level Annotations

Branches:
Dungeon (5/15)
 Temple: D:4-7

Altars:
Kikubaaqudgha


Innate Abilities, Weirdness & Mutations

You are too large for most types of armour.
You have claws for hands.
Your natural rate of healing is unusually fast.
You are covered in fur. (AC +1)
You have tough skin. (AC +1)


Message History

The orc warrior hits you with a +0 trident!!
The ice beast completely misses you.
You claw the orc warrior!
The orc warrior is severely wounded.
The orc warrior hits you with a +0 trident!
An ogre comes into view. It is wielding a +0 giant club.
The ice beast hits you but does no damage.
You claw the orc warrior!
The orc warrior is almost dead.
The hound closely misses you. The orc warrior closely misses you.
The hound bites you but does no damage.
The ice beast hits you but does no damage.
You closely miss the orc warrior.
The orc warrior is almost dead.
The orc warrior hits you with a +0 trident.
The hound bites you.
You scratch the orc warrior.
The orc warrior is almost dead.
The hound bites you. The ice beast hits you. The ice beast freezes you.
You block the orc warrior's attack. You block the hound's attack.
You claw the orc warrior!
You kill the orc warrior!
The ice beast misses you. You block the hound's attack.
You have reached level 9!
Your experience leads to an increase in your attributes!
Increase (S)trength, (I)ntelligence, or (D)exterity?
You feel stronger. x3
Your shield prevents you from hitting the ogre.
The hound bites you but does no damage. The ice beast closely misses you.
You block the hound's attack.
You scratch the ogre.
The ogre is lightly wounded.
The ice beast barely misses you. The ogre hits you with a +0 giant club!
* * * LOW HITPOINT WARNING * * *
The hound bites you but does no damage. The ice beast closely misses you.
You scratch the ogre but do no damage.
The ogre is lightly wounded.
The hound closely misses you.
The ogre hits you with a +0 giant club!!
You die...

.###.
................
.....
................
.#...###
####.....#......
>......#
#.....#......
.....#
#######.....#
...#### ##.#.##
#.#..### #.#.##
#......### #...##
#.#....O@###
#.#.##
#.#'#...Yh.#
#.#...
#.#†###......#
#.##..
#.#...###......#
#.##..
#.###.o.###......
#..... #.#
###...###....
#..... #.# #..#
.... #..... #.#
.## ...###.....
#.# # .##.#†####


You could see an ice beast, an ogre and a hound.

Vanquished Creatures
  Pikel (D:5)
  Sigmund (D:5)
  Eustachio (D:5)
  A steam dragon (D:5)
  A water moccasin (D:5)
  An orc warrior (D:5)
  2 black bears
  2 lemures (D:4)
  Blork the orc (D:4)
  2 scorpions (D:5)
  3 jellies
  A bullfrog zombie (D:5)
  Crazy Yiuf (D:4)
  A hound (D:4)
  A scorpion zombie (D:4)
  2 iguanas (D:5)
  2 orc wizards
  A hound skeleton (D:4)
  6 gnolls (D:3)
  10 adders
  A white imp (D:5)
  2 ufetubi (D:5)
  A worm (D:4)
  2 dart slugs
  4 orcs (D:3)
  3 ball pythons
  3 endoplasms
  2 giant cockroaches
  11 goblins
  11 hobgoblins
  8 kobolds
  3 quokkas
  6 bats
  4 frilled lizards
  8 rats
110 creatures vanquished.

Vanquished Creatures (others)
  3 fungi (D:2)
  A plant (D:2)
4 creatures vanquished.

Grand Total: 114 creatures vanquished

Notes
Turn   | Place    | Note
-------+----------+-------------------------------------------
     0 | D:1      | mcbry74 the Troll Fighter began the quest for the Orb.
     0 | D:1      | Reached XP level 1. HP: 22/22 MP: 0/0
    77 | D:1      | Reached XP level 2. HP: 29/29 MP: 1/1
   295 | D:1      | Reached skill level 3 in Unarmed Combat
   678 | D:2      | You fall into a shaft and drop 1 floor!
   712 | D:3      | Reached XP level 3. HP: 35/36 MP: 2/2
   741 | D:3      | Reached skill level 4 in Unarmed Combat
   839 | D:3      | Reached XP level 4. HP: 44/44 MP: 3/3
  1066 | D:3      | Reached skill level 5 in Unarmed Combat
  1141 | D:3      | Noticed a black bear
  1148 | D:3      | Killed a black bear
  1149 | D:3      | Reached XP level 5. HP: 45/50 MP: 4/4
  1628 | D:2      | Reached skill level 6 in Unarmed Combat
  1722 | D:2      | Found a faded altar of an unknown god.
  2266 | D:4      | Noticed a lemure
  2368 | D:3      | Reached XP level 6. HP: 59/59 MP: 5/5
  2429 | D:4      | Noticed Pikel
  2431 | D:4      | Noticed Blork the orc
  2439 | D:4      | Killed Blork the orc
  2716 | D:4      | Reached skill level 7 in Unarmed Combat
  2921 | D:4      | Found an ancient bone altar of Kikubaaqudgha.
  3291 | D:4      | Found a runed translucent door.
  3292 | D:4      | Noticed Crazy Yiuf
  3528 | D:4      | Killed Crazy Yiuf
  3564 | D:5      | Entered Level 5 of the Dungeon
  3585 | D:5      | Killed Pikel
  3586 | D:5      | Reached skill level 9 in Unarmed Combat
  3586 | D:5      | Reached XP level 7. HP: 59/66 MP: 6/6
  3627 | D:5      | Reached XP level 8. HP: 70/74 MP: 7/7
  3812 | D:5      | Reached skill level 10 in Unarmed Combat
  3870 | D:5      | Noticed Sigmund
  3879 | D:5      | Killed Sigmund
  3880 | D:5      | Reached skill level 11 in Unarmed Combat
  3968 | D:5      | Noticed Eustachio
  3981 | D:5      | Killed Eustachio
  4071 | D:5      | Reached XP level 9. HP: 26/80 MP: 8/8
  4073 | D:5      | Mangled by an ogre

Illustrated notes

Levels and vault maps discovered:
D:1:      psy_arrival_fountain, layout_basic, minmay_3d_cube
D:2:      minmay_general_purpose_star, layout_loops_ring,
          shapermc_ecumenical_altar_ellora, kennysheep_generic_room_16
D:3:      layout_basic
D:4:      layout_basic, nicolae_kikubaaqudgha_miasma_corner,
          uniq_crazy_yiuf_cottage, uniq_blork_the_orc, uniq_pikel
D:5:      minmay_razor_zed, layout_basic, kennysheep_mini_moat,
          amcnicky_mini_pool_small, uniq_sigmund, uniq_eustachio

Skill      XL: |  1  2  3  4  5  6  7  8 |
---------------+-------------------------+-----
Unarmed Combat | 3 4 5 6 9 11 | 11.8
Fighting       | |  2.4
Dodging        | |  2.4
Shields        | |  2.4

Action                   |  1- 3 |  4- 6 |  7- 9 || total
-------------------------+-------+-------+-------++-------
Melee: Unarmed           |    93 |   172 |    65 ||   330
Throw: Dart              |     2 |     6 |     1 ||     9
  Use: Potion            |       |     1 |       ||     1
       Scroll            |       |       |     1 ||     1
Armor: Robe              |    32 |    49 |     4 ||    85
       Steam dragon scal |       |       |    20 ||    20
Dodge: Dodged            |    29 |   100 |    39 ||   168
Block: Kite shield       |    30 |    69 |    22 ||   121

Table legend: (Time is in decaauts)
 A = Elapsed time spent in this place.
 B = Non-inter-level travel time spent in this place.
 C = Inter-level travel time spent in this place.
 D = Time resting spent in this place.
 E = Time spent auto-exploring this place.
 F = Levels seen in this place.
 G = Mean time per level.
                   A        B        C        D        E       F      G
               +--------+--------+--------+--------+--------+-----+--------+
         Total |   4115 |   4000 |    115 |    247 |   2144 |   5 |  823.0 |
       Dungeon |   4115 |   4000 |    115 |    247 |   2144 |   5 |  823.0 |
               +--------+--------+--------+--------+--------+-----+--------+

Top non-repeatable levels by time:
     D:3: 1207 daAuts
     D:4: 1092 daAuts
     D:2: 751 daAuts
     D:1: 552 daAuts
     D:5: 511 daAuts
